 Dungeon Crawl Stone Soup version 0.27-a0-1579-g97d2440184 (webtiles) character file.

Game seed: 17285505141500860298

440 mdonais the Sneak (level 7, -11/66 HPs)
             Began as a Kobold Delver on July 18, 2021.
             Was a Follower of Nemelex Xobeh.
             Mangled by a two-headed ogre (21 damage)
             ... on level 8 of the Dungeon.
             The game lasted 00:18:47 (4687 turns).

mdonais the Sneak (Kobold Delver)                   Turns: 4687, Time: 00:18:47

Health: -11/66     AC: 23    Str: 11      XL:     7   Next: 22%
Magic:  8/8        EV:  3    Int: 12      God:    Nemelex Xobeh [*.....]
Gold:   164        SH:  5    Dex: 15 (16) Spells: 6/6 levels left

rFire    . . .     SeeInvis .   k - +2 dagger (venom)
rCold    . . .     Faith    .   e - +0 buckler
rNeg     + + +     Spirit   .   (armour currently unavailable)
rPois    +         Reflect  .   (helmet currently unavailable)
rElec    .         Harm     .   (cloak currently unavailable)
rCorr    .         Rampage  .   (gloves currently unavailable)
Will     .....     NoTele   +   (boots currently unavailable)
Stlth    ++++......             g - amulet of the acrobat
HPRegen  0.21/turn              (no ring)
MPRegen  0.11/turn              (no ring)

@: tree-form (expiring)
A: stationary, stasis, torment immunity, boosted hp, small, no large weapons,
nightstalker 3
a: Renounce Religion, Draw Escape, Draw Destruction, Draw Summoning


You were on level 8 of the Dungeon.
You worshipped Nemelex Xobeh.
Nemelex Xobeh was aware of your devotion.
You were a tree.
You visited 1 branch of the dungeon, and saw 6 of its levels.

You collected 164 gold pieces.

Inventory:

Hand Weapons
 k - a +2 dagger of venom (weapon)
   (You found it on level 1 of the Dungeon)
 s - a +0 spear
   (You took it off a gnoll on level 3 of the Dungeon)
 t - a +1 hand axe of freezing
   (You took it off an orc on level 3 of the Dungeon)
Missiles
 d - 16 sling bullets
 h - 64 bolts
 i - 58 arrows
 j - 164 stones (quivered)
Armour
 b - a +0 leather armour
 e - a +0 buckler (worn)
   (You found it on level 3 of the Dungeon)
 p - a +2 helmet (melded)
   (You found it on level 1 of the Dungeon)
 r - a +0 ring mail (melded)
   (You found it on level 1 of the Dungeon)
Jewellery
 g - an amulet of the acrobat (around neck)
   (You found it on level 4 of the Dungeon)
Wands
 A - a wand of acid (9)
   (You found it on level 3 of the Dungeon)
 D - a wand of digging (2)
 P - a wand of paralysis (1)
   (You found it on level 4 of the Dungeon)
Scrolls
 a - a scroll of enchant armour
 c - 2 scrolls of fog
 f - a scroll of blinking {unknown}
 m - 2 scrolls of immolation {unknown}
 o - 2 scrolls of identify {unknown}
 v - a scroll of brand weapon {unknown}
 T - a scroll of teleportation
Potions
 l - a potion of flight
 n - a potion of lignification
 u - a potion of brilliance {unknown}


   Skills:
 + Level 5.4 Fighting
 + Level 5.8 Short Blades
 + Level 3.4 Dodging
 - Level 6.6 Stealth
 + Level 1.1 Shields
 + Level 1.6 Invocations
 + Level 2.7 Evocations


You had 6 spell levels left.
You didn't know any spells.
Your spell library was empty.

Dungeon Overview and Level Annotations

Branches:
Dungeon (5/15)
 Temple: D:4-7

Altars:
Nemelex Xobeh


Innate Abilities, Weirdness & Mutations

You are a tree.
Your roots penetrate the ground, keeping you stationary.
You cannot be teleported.
You are immune to unholy pain and torment.
Your maximum health is greatly increased.
Your equipment is partially melded.
You are small and have problems with some larger weapons.
You are completely attuned to the shadows.


Message History

The kobold misses you.
You hit the kobold.
The kobold is poisoned.
The kobold is heavily wounded.
You block the kobold's attack.
You hit the kobold.
You kill the kobold!
No target in view!
j - 164 stones (gained 28)
Things that are here:
a +0 short sword; a kobold corpse Done exploring.
Done exploring.
Done exploring.
(D) Dungeon
Where to? (Enter - D:5, ? - help)
There is a stone staircase leading down here.
You climb downwards.
Found 9 gold pieces.
There is a stone staircase leading up here.
You now have 164 gold pieces (gained 9).
An adder comes into view.
Found a scroll labelled EKHLIA NABYWN.
The adder hisses angrily.
The adder completely misses you.
You closely miss the adder. The adder barely misses you.
You barely miss the adder. The adder bites you but does no damage.
You hit the adder.
The adder is heavily wounded.
You block the adder's attack.
You barely miss the adder.
The adder is heavily wounded.
The adder misses you.
You hit the adder.
The adder is poisoned.
The adder is severely wounded.
The adder closely misses you.
You miss the adder.
The adder is almost dead.
You kill the adder!
No target in view!
m - 2 scrolls labelled EKHLIA NABYWN (gained 1)
You see here an adder corpse.
There is a stone staircase leading up here.
Nemelex will now gift you decks of power as you gain piety.
Found a mace.
Found a mace.
Found two maces.
Found two maces.
Found two maces.
Found a runed mace and a mace.
You see here a +0 mace.
You see here a +0 mace.
You see here a +0 mace.
You see here a +0 mace.
You see here a +0 mace.
You fall into a shaft and drop 3 floors!
The shaft crumbles and collapses.
An orc and a wight come into view.
The orc shouts!
You hear a shout! x2; You hear an angry hiss.
A wight comes into view. It is wielding a +0 dagger.
An orc comes into view. It is wielding a +0 flail.
Okay, then.
An orc comes into view. It is wielding a +0 hand axe.
The orc completely misses you.
A wight comes into view. It is wielding a +3 morningstar.
You block the orc's attack.
A two-headed ogre comes into view.
It is wielding a +0 giant club and a +0 giant spiked club.
It was a potion of lignification.
You turn into a tree.
Your +2 helmet melds into your body.
Your +0 ring mail melds into your body.
Your roots penetrate the ground.
You block the orc's attack.
You now have 66/66 hp.
You closely miss the orc. The orc hits you but does no damage.
You hit the orc.
The orc is poisoned.
The orc is lightly wounded.
You hit the orc.
The orc looks as sick as possible!
The orc is heavily wounded.
The orc barely misses you.
You closely miss the orc.
The orc is severely wounded.
The orc hits you but does no damage.
You hit the two-headed ogre but do no damage.
The orc hits you but does no damage.
The two-headed ogre hits you with a +0 giant club!
The two-headed ogre hits you but does no damage.
You take 7 damage, and have 59/66 hp.
You hit the two-headed ogre but do no damage.
You kill the orc!
You hit the two-headed ogre but do no damage.
The two-headed ogre is poisoned.
The two-headed ogre hits you but does no damage.
The two-headed ogre barely misses you. The orc hits you with a +0 flail.
You take 3 damage, and have 56/66 hp.
You hit the two-headed ogre.
The two-headed ogre looks as sick as possible!
The two-headed ogre is lightly wounded.
You block the orc's attack.
You hit the two-headed ogre but do no damage.
The two-headed ogre is lightly wounded.
The two-headed ogre hits you with a +0 giant club!
The two-headed ogre hits you with a +0 giant spiked club!
You take 22 damage, and have 34/66 hp.
MASSIVE DAMAGE!!
You feel better. You block the orc's attack.
The two-headed ogre hits you with a +0 giant club.
The two-headed ogre hits you with a +0 giant spiked club.
You regained 4 hp, and now have 38/66 hp.
You hit the orc.
The orc is poisoned.
The orc is lightly wounded.
The orc hits you with a +0 flail.
You take 2 damage, and have 36/66 hp.
You hit the two-headed ogre but do no damage.
The two-headed ogre is moderately wounded.
The two-headed ogre hits you with a +0 giant club.
The two-headed ogre hits you with a +0 giant spiked club.
The orc hits you but does no damage.
You take 6 damage, and have 30/66 hp.
You closely miss the orc.
The orc is moderately wounded.
The orc hits you but does no damage.
The two-headed ogre hits you but does no damage.
You block the two-headed ogre's attack.
You hit the two-headed ogre.
The two-headed ogre looks as sick as possible!
The two-headed ogre is heavily wounded.
You hit the orc but do no damage.
The orc looks even sicker.
The orc is heavily wounded.
The orc hits you but does no damage.
The two-headed ogre hits you but does no damage.
The two-headed ogre hits you with a +0 giant spiked club!
You take 8 damage, and have 22/66 hp.
You barely miss the two-headed ogre.
The two-headed ogre is heavily wounded.
Your transformation is almost over.
The orc barely misses you.
Okay, then.
Unknown command.
Okay, then.
Unknown command.
You hit the two-headed ogre but do no damage.
The two-headed ogre is heavily wounded.
You block the two-headed ogre's attack.
The two-headed ogre hits you with a +0 giant spiked club!
* * * LOW HITPOINT WARNING * * *
You block the orc's attack.
You take 13 damage, and have 10/66 hp.
Okay, then.
Unknown command.
It was a potion of flight.
Your roots keep you in place.
l - a potion of flight;
p - a +2 helmet (melded)
The two-headed ogre hits you with a +0 giant club!!
You die...
Your body disappears without a glow.

#..###.z...
.........o.
..........
.....#.#..
>.##.#..#.
## #.# #.
#.# #o# #♣#
#O# #.# #.#
#..


You could see a two-headed ogre (extremely poisoned) and an orc (very poisoned).

Vanquished Creatures
  A phantom (D:4)
  2 scorpions (D:4)
  2 bullfrog zombies (D:4)
  An iguana (D:4)
  5 adders
  3 gnolls (D:3)
  An ufetubus (D:4)
  A worm (D:4)
  9 orcs
  10 ball pythons
  4 endoplasms
  7 giant cockroaches
  3 goblins
  3 hobgoblins
  4 jackals (D:1)
  2 quokkas
  6 bats
  6 frilled lizards
  6 kobolds
  7 rats
83 creatures vanquished.

Notes
Turn   | Place    | Note
-------+----------+-------------------------------------------
     0 | D:5      | mdonais the Kobold Delver began the quest for the Orb.
     0 | D:5      | Reached XP level 1. HP: 14/14 MP: 1/1
    76 | D:4      | Noticed a scorpion
   285 | D:4      | Noticed a phantom
   303 | D:4      | Reached XP level 2. HP: 19/19 MP: 2/2
   464 | D:3      | Reached XP level 3. HP: 17/24 MP: 3/3
   671 | D:4      | Killed a phantom
   672 | D:4      | Reached XP level 4. HP: 30/30 MP: 4/4
   672 | D:4      | Reached XP level 5. HP: 34/34 MP: 5/5
  1056 | D:1      | Reached skill level 5 in Short Blades
  1795 | D:2      | Reached skill level 5 in Fighting
  2632 | D:3      | Reached skill level 1 in Evocations
  2784 | D:3      | Found a sparkling altar of Nemelex Xobeh.
  2841 | D:3      | Became a worshipper of Nemelex Xobeh the Trickster
  3162 | D:3      | Reached XP level 6. HP: 40/40 MP: 6/6
  4072 | D:4      | Reached skill level 1 in Invocations
  4138 | D:4      | Reached XP level 7. HP: 31/44 MP: 6/8
  4148 | D:4      | Reached skill level 1 in Shields
  4604 | D:5      | Reached * piety under Nemelex Xobeh
  4657 | D:5      | You fall into a shaft and drop 3 floors!
  4668 | D:8      | Noticed a two-headed ogre
  4687 | D:8      | Mangled by a two-headed ogre

Illustrated notes

Levels and vault maps discovered:
D:1:      dpeg_arrival_simpleton_a, layout_basic, serial_bayou_ford_a,
          corexii_corridor_pit
D:2:      layout_basic, minmay_worlds_worst_comb
D:3:      layout_rooms, mainiacjoe_overflow_alcove_2, serial_corexii_hall,
          corexii_hall_statues_deadend, corexii_hall_statues_deadend,
          corexii_hall_statues_x, corexii_hall_statues_x
D:4:      layout_basic
D:5:      layout_basic, minmay_temple_entry_stoned_glass,
          uniq_crazy_yiuf_cottage
D:8:      layout_loops_ring, mainiacjoe_overflow_boulevard,
          mainiacjoe_overflow_swirl, bloody_makhleb, minivault_1, uniq_pikel

Skill      XL: |  1  2  3  4  5  6  7 |
---------------+----------------------+-----
Short Blades   | 3 4 5 |  5.8
Fighting       | 4 5 |  5.4
Evocations     | 1 2 |  2.7
Dodging        | 3 |  3.4
Invocations    | 1 |  1.6
Shields        | 1 |  1.1
Stealth        | |  6.6

Action                   |  1- 3 |  4- 6 |  7- 9 || total
-------------------------+-------+-------+-------++-------
Melee: Short sword       |    16 |   191 |       ||   207
       Dagger            |       |    25 |    41 ||    66
Evoke: Wand              |     7 |     1 |       ||     8
  Use: Scroll            |     2 |     2 |     1 ||     5
       Potion            |     1 |     2 |     3 ||     6
 Stab: Sleeping          |     5 |    32 |     3 ||    40
       Paralysed         |     3 |       |       ||     3
       Distracted        |       |     1 |       ||     1
Armor: Leather armour    |     4 |    17 |     2 ||    23
       Skin              |       |       |    10 ||    10
       Ring mail         |       |       |     1 ||     1
Dodge: Dodged            |    12 |   113 |    17 ||   142
Block: Buckler           |       |     7 |    14 ||    21

Table legend: (Time is in decaauts)
 A = Elapsed time spent in this place.
 B = Non-inter-level travel time spent in this place.
 C = Inter-level travel time spent in this place.
 D = Time resting spent in this place.
 E = Time spent auto-exploring this place.
 F = Levels seen in this place.
 G = Mean time per level.
                   A        B        C        D        E       F      G
               +--------+--------+--------+--------+--------+-----+--------+
         Total |   4648 |   4279 |    369 |    816 |   2307 |   6 |  774.7 |
       Dungeon |   4648 |   4279 |    369 |    816 |   2307 |   6 |  774.7 |
               +--------+--------+--------+--------+--------+-----+--------+

Top non-repeatable levels by time:
     D:4: 1457 daAuts
     D:3: 1130 daAuts
     D:2: 1075 daAuts
     D:1: 858 daAuts
     D:5: 100 daAuts
     D:8: 26 daAuts
